 Dungeon Crawl Stone Soup version 0.27-a0-1119-gbf574a6a6b (webtiles) character file.

Game seed: 1361978306579025790

6 jasper the Grasshopper (level 1, -1/16 HPs)
             Began as a Demonspawn Warper on May 2, 2021.
             Slain by a quokka (4 damage)
             ... on level 1 of the Dungeon.
             The game lasted 00:00:51 (382 turns).

jasper the Grasshopper (Demonspawn Warper)           Turns: 382, Time: 00:00:52

Health: -1/16      AC:  5    Str: 11    XL:     1   Next: 75%
Magic:  3/3        EV: 10    Int: 14    God:
Gold:   8          SH:  0    Dex: 12    Spells: 4/4 levels left

rFire    . . .     SeeInvis .   a - +0 hand axe
rCold    . . .     Faith    .   (no shield)
rNeg     . . .     Spirit   .   c - +0 ring mail
rPois    .         Reflect  .   (no helmet)
rElec    .         Harm     .   (no cloak)
rCorr    .         Rampage  .   (no gloves)
Will     .....                  (no boots)
Stlth    +.........             (no amulet)
HPRegen  0.05/turn              (no ring)
MPRegen  0.08/turn              (no ring)

@: no status effects
A: no striking features
a: no special abilities


You were on level 1 of the Dungeon.
You visited 1 branch of the dungeon, and saw 1 of its levels.

You collected 8 gold pieces.

Inventory:

Hand Weapons
 a - a +0 hand axe (weapon)
Missiles
 e - 5 boomerangs of dispersal
 f - 11 stones (quivered)
Armour
 b - a +0 leather armour
 c - a +0 ring mail (worn)
Scrolls
 d - a scroll of blinking
Potions
 g - 2 potions of berserk rage {unknown}


   Skills:
 - Level 2.0 Fighting
 + Level 2.3 Axes
 - Level 0.8 Throwing
 - Level 0.8 Armour
 - Level 1.7 Dodging
 - Level 2.0 Spellcasting
 - Level 2.6 Translocations


You had 4 spell levels left.
You didn't know any spells.
Your spell library contained the following spells:

 Spells                   Type           Power      Damage    Failure   Level
 Blink                    Tloc           N/A        N/A       28%         2
 Gell's Gravitas          Tloc           4%         N/A       50%         3
 Lesser Beckoning         Tloc           4%         N/A       50%         3
 Teleport Other           Tloc           8%         N/A       50%         3
 Manifold Assault         Tloc           8%         N/A       99%         5


Dungeon Overview and Level Annotations

Branches:
Dungeon (1/15)

Altars:


Message History

The quokka bites you.
You take 3 damage, and have 9/16 hp.
You completely miss the quokka.
The quokka bites you but does no damage.
You closely miss the quokka. The quokka closely misses you.
You barely miss the quokka. The quokka barely misses you. The quokka bites you.
You take 2 damage, and have 7/16 hp.
You miss the quokka.
The quokka bites you but does no damage.
You hit the quokka but do no damage.
The quokka twitches its whiskers.
The quokka bites you. The quokka barely misses you.
You take 1 damage, and have 7/16 hp.
You closely miss the quokka. The quokka closely misses you.
You hit the quokka.
The quokka is moderately wounded.
The quokka bites you.
The quokka bites you but does no damage.
You take 2 damage, and have 5/16 hp.
You closely miss the quokka.
The quokka is moderately wounded.
The quokka bites you.
* * * LOW HITPOINT WARNING * * *
You take 1 damage, and have 4/16 hp.
You miss the quokka.
The quokka is moderately wounded.
The quokka bites you but does no damage.
You barely miss the quokka.
The quokka is moderately wounded.
The quokka barely misses you. x2
You hit the quokka.
The quokka is heavily wounded.
The quokka bites you.
* * * LOW HITPOINT WARNING * * *
You take 1 damage, and have 3/16 hp.
You hit the quokka but do no damage.
The quokka is heavily wounded.
The quokka twitches its whiskers.
The quokka barely misses you. The quokka bites you.
You die...

####### # ......#
##.#
......#######...##
.>....+..........+
......##.##.#....#
....#....##.####.#
..#.#.#####....#.#
..#.#........#.#.#
.............#.#@#
#.##......###..#r#
'..+......+....(.#
#)##......###.####
#.##......###..
#..'.........K..
####..........?..
# ##.........!....
#
#................


You could see a quokka.

Vanquished Creatures
  An endoplasm (D:1)
  A hobgoblin (D:1)
  A ball python (D:1)
  A frilled lizard (D:1)
  3 kobolds (D:1)
7 creatures vanquished.

Notes
Turn   | Place    | Note
-------+----------+-------------------------------------------
     0 | D:1      | jasper the Demonspawn Warper began the quest for the Orb.
     0 | D:1      | Reached XP level 1. HP: 16/16 MP: 3/3
   382 | D:1      | Slain by a quokka

Illustrated notes

Levels and vault maps discovered:
D:1:      nicolae_arrival_memento_mori, layout_basic

Skill      XL: |  1 |
---------------+----+-----
Axes           | 2 |  2.3
Fighting       | |  2.0
Throwing       | |  0.8
Armour         | |  0.8
Dodging        | |  1.7
Spellcasting   | |  2.0
Translocations | |  2.6

Action                   || total
-------------------------++-------
Melee: Hand axe          ||    33
Throw: Stone             ||     8
Armor: Ring mail         ||     6
       Leather armour    ||     2
Dodge: Dodged            ||    17

Table legend: (Time is in decaauts)
 A = Elapsed time spent in this place.
 B = Non-inter-level travel time spent in this place.
 C = Inter-level travel time spent in this place.
 D = Time resting spent in this place.
 E = Time spent auto-exploring this place.
 F = Levels seen in this place.
 G = Mean time per level.
                   A        B        C        D        E       F      G
               +--------+--------+--------+--------+--------+-----+--------+
         Total |    388 |    388 |      0 |    202 |     98 |   1 |  388.0 |
       Dungeon |    388 |    388 |      0 |    202 |     98 |   1 |  388.0 |
               +--------+--------+--------+--------+--------+-----+--------+

Top non-repeatable levels by time:
     D:1: 388 daAuts
